 Dungeon Crawl Stone Soup version 0.28-a0-653-g7e9dba17c3 (webtiles) character file.

Game seed: 3108964764137043955

1932 jasper the Gusty (level 8, 0/46 HPs)
             Began as a Deep Elf Air Elementalist on Oct 11, 2021.
             Was a Follower of Vehumet.
             Slain by an orc warrior (20 damage)
             ... on level 6 of the Dungeon.
             The game lasted 00:13:21 (9130 turns).

jasper the Gusty (Deep Elf Air Elementalist)        Turns: 9130, Time: 00:13:21

Health: 0/46       AC:  2    Str:  5    XL:     8   Next: 97%
Magic:  14/20      EV: 13    Int: 23    God:    Vehumet [*.....]
Gold:   218        SH:  8    Dex: 21    Spells: 10/21 levels left

rFire   . . .      SeeInvis .   d - +1 short sword (elec)
rCold   . . .      Faith    .   g - +2 buckler
rNeg    . . .      Spirit   .   a - +0 robe
rPois   .          Reflect  .   (no helmet)
rElec   .          Harm     .   (no cloak)
rCorr   .          Rampage  .   (no gloves)
Will    .....                   (no boots)
Stlth   ++........              (no amulet)
HPRegen 0.15/turn               j - +6 ring of dexterity
MPRegen 0.17/turn               (no ring)

@: no status effects
A: no striking features
a: Renounce Religion


You were on level 6 of the Dungeon.
You worshipped Vehumet.
Vehumet was aware of your devotion.
You visited 1 branch of the dungeon, and saw 6 of its levels.

You collected 218 gold pieces.

Inventory:

Hand Weapons
 d - a +1 short sword of electrocution (weapon)
 f - a +0 short sword of electrocution
 h - a +0 long sword of flaming
Missiles
 c - 14 poisoned darts
Armour
 a - a +0 robe (worn)
 g - a +2 buckler (worn)
Jewellery
 j - a +6 ring of dexterity (left hand)
Wands
 q - a wand of flame (19)
Scrolls
 b - a scroll of torment
 k - a scroll of blinking {unknown}
 n - a scroll of amnesia
Potions
 e - a potion of attraction
 i - a potion of lignification
 l - a potion of mutation
 m - a potion of invisibility
 p - a potion of might
 t - a potion of berserk rage {unknown}


   Skills:
 + Level 3.4 Fighting
 - Level 2.4 Dodging
 - Level 2.4 Stealth
 - Level 4.0 Shields
 + Level 7.0 Spellcasting
 + Level 5.3 Conjurations
 * Level 7.2 Air Magic


You had 10 spell levels left.
You knew the following spells:

 Your Spells              Type           Power      Damage    Failure   Level
a - Shock                 Conj/Air       100%       1d9       1%          1
b - Static Discharge      Conj/Air       37%        N/A       1%          2
c - Swiftness             Air            41%        N/A       1%          3
d - Airstrike             Air            20%        N/A       3%          4
e - Animate Skeleton      Necr           16%        N/A       8%          1

Your spell library contained the following spells:

 Spells                   Type           Power      Damage    Failure   Level
 Freeze                   Ice            32%        1d5       8%          1
 Pain                     Necr           32%        1d5       8%          1
 Slow                     Hex            8%         N/A       12%         2
 Confusing Touch          Hex            8%         N/A       22%         3
 Vampiric Draining        Necr           4%         2d6       22%         3
 Yara's Violent Unravell  Hex/Tmut       4%         3d4       91%         5


Dungeon Overview and Level Annotations

Branches:
Dungeon (6/15)
 Temple: D:4-7

Altars:
Gozag
Kikubaaqudgha
Nemelex Xobeh
Sif Muna
Vehumet
Yredelemnul
Zin


Message History

You take 1 damage, and have 45/46 hp.
You now have 17/20 mp.
Casting: Static Discharge (safe; 1% risk of failure)
Confirm with . or Enter, or press ? or * to list all spells.
The orc wizard is struck by an arc of lightning.
The orc wizard is almost dead.
You are struck by an arc of lightning.
The orc wizard is struck by an arc of lightning.
You kill the orc wizard!
Vehumet accepts your kill.
You feel your power returning.
You are struck by an arc of lightning.
The lightning grounds out.
Your Spellcasting skill increases to level 7!
You take 6 damage, and have 39/46 hp.
You now have 16/20 mp.
Casting: Static Discharge (safe; 1% risk of failure)
Confirm with . or Enter, or press ? or * to list all spells.
Aiming: Shock (safe; 1% risk of failure)
Press: ? - help, Shift-Dir - straight line The zap hits the orc warrior.
The orc warrior is lightly wounded.
The zap hits the orc warrior but does no damage.
The orc warrior is lightly wounded.
The orc warrior hits you from afar with a +0 trident.
You take 5 damage, and have 34/46 hp.
Casting: Shock (safe; 1% risk of failure)
Confirm with . or Enter, or press ? or * to list all spells.
Aiming: Shock (safe; 1% risk of failure)
Press: ? - help, Shift-Dir - straight line The zap hits the orc warrior but does no damage.
The orc warrior is lightly wounded.
The zap hits the orc warrior.
The orc warrior is moderately wounded.
The orc warrior hits you from afar with a +0 trident!
You take 14 damage, and have 20/46 hp.
MASSIVE DAMAGE!!
You now have 15/20 mp.
Casting: Shock (safe; 1% risk of failure)
Confirm with . or Enter, or press ? or * to list all spells.
Aiming: Shock (safe; 1% risk of failure)
Press: ? - help, Shift-Dir - straight line The zap misses the orc warrior. x2
The orc warrior hits you from afar with a +0 trident!!
You die...

.......#....# .....###....#
.....###....########
..............[....# #####
..............)....##......
...............)o))[..(....
#.#..#############o##......
#.#######.. ##.....# .....
#.......... #...@..# ..c.
.......>... #......# ...
........... #......# ..
........... #......# .
.##....#######.##..#
###....##...##.############
................+...........#
................#...........#
................#...........+


You could see an orc warrior.

Vanquished Creatures
  A wyvern (D:5)
  2 sky beasts
  2 black bears
  2 orc warriors
  2 necrophages
  A centaur (D:6)
  3 ogres
  A bullfrog (D:4)
  A scorpion (D:6)
  3 hounds
  A bullfrog zombie (D:5)
  3 orc priests
  A bullfrog skeleton (D:6)
  5 orc wizards
  An iguana (D:5)
  A howler monkey zombie (D:5)
  8 adders
  An ufetubus (D:5)
  An adder zombie (D:5)
  An adder skeleton (D:5)
  3 worms
  2 dart slugs
  16 orcs
  5 ball pythons
  4 bats
  6 endoplasms
  3 giant cockroaches
  4 goblins
  9 hobgoblins
  7 jackals
  8 kobolds
  5 quokkas
  5 frilled lizards
  10 rats
128 creatures vanquished.

Notes
Turn   | Place    | Note
-------+----------+-------------------------------------------
     0 | D:1      | jasper the Deep Elf Air Elementalist began the quest for
                  | the Orb.
     0 | D:1      | Reached XP level 1. HP: 10/10 MP: 6/6
   268 | D:1      | Reached XP level 2. HP: 15/15 MP: 6/8
   307 | D:1      | Learned a level 2 spell: Static Discharge
   670 | D:1      | Found a faded altar of an unknown god.
   805 | D:1      | Reached XP level 3. HP: 19/19 MP: 1/10
   809 | D:1      | Learned a level 3 spell: Swiftness
  2286 | D:2      | Reached skill level 1 in Shields
  2436 | D:2      | Reached XP level 4. HP: 24/24 MP: 7/12
  2564 | D:2      | Learned a level 4 spell: Airstrike
  3150 | D:3      | Reached XP level 5. HP: 28/28 MP: 5/13
  3223 | D:3      | Learned a level 1 spell: Animate Skeleton
  3996 | D:3      | Found an opulent altar of Gozag.
  4040 | D:3      | Found a glowing silver altar of Zin.
  4103 | D:3      | Found a shimmering blue altar of Sif Muna.
  4233 | D:3      | Found an ancient bone altar of Kikubaaqudgha.
  4301 | D:3      | Found a radiant altar of Vehumet.
  4312 | D:3      | Became a worshipper of Vehumet
  5096 | D:4      | Reached XP level 6. HP: 27/32 MP: 0/14
  6142 | D:4      | Reached skill level 1 in Fighting
  6142 | D:4      | Reached XP level 7. HP: 38/38 MP: 11/15
  6776 | D:5      | Entered Level 5 of the Dungeon
  6818 | D:5      | Reached skill level 5 in Spellcasting
  7004 | D:5      | Reached skill level 5 in Air Magic
  7128 | D:5      | Reached XP level 8. HP: 36/44 MP: 1/18
  7333 | D:5      | Reached * piety under Vehumet
  7333 | D:5      | Offered knowledge of Freeze by Vehumet.
  7515 | D:5      | Noticed a gargoyle
  7827 | D:6      | Found a sparkling altar of Nemelex Xobeh.
  7827 | D:6      | Found a basalt altar of Yredelemnul.
  8550 | D:6      | Reached skill level 5 in Conjurations
  9130 | D:6      | Slain by an orc warrior

Illustrated notes

Levels and vault maps discovered:
D:1:      ncdulo_halloftheorcs, layout_basic, chequers_ecumenical_altar_island
D:2:      layout_basic
D:3:      layout_rooms, pdpol_temple_overflow_zin_treasury_gozag_greed,
          palyth_temple_overflow_mages, nrook_loot_triangle,
          kennysheep_generic_room_11
D:4:      layout_basic
D:5:      cheibrodos_barr_body, layout_basic, ebering_ghost_reflecting_pool,
          portal_sewer_entry_e
D:6:      layout_gridville, grunt_temple_overflow_open, bloody_trog,
          minmay_temple_entry_proselytizer, feat_on_display

Skill      XL: |  1  2  3  4  5  6  7  8 |
---------------+-------------------------+-----
Conjurations   | 2 3 4 5 |  5.3
Spellcasting   | 4 5 7 |  7.0
Shields        | 1 2 3 4 |  4.0
Air Magic      | 4 5 7 |  7.2
Fighting       | 1 2 3 |  3.4
Dodging        | |  2.4
Stealth        | |  2.4

Action                   |  1- 3 |  4- 6 |  7- 9 || total
-------------------------+-------+-------+-------++-------
Melee: Short sword       |     2 |    12 |     3 ||    17
       Unarmed           |       |       |    12 ||    12
Throw: Throwing net      |       |       |     1 ||     1
 Cast: Shock             |    97 |   109 |   105 ||   311
       Static Discharge  |       |    12 |    28 ||    40
       Airstrike         |       |       |     7 ||     7
Evoke: Wand              |       |     1 |     1 ||     2
  Use: Scroll            |       |     8 |     6 ||    14
       Potion            |       |       |     2 ||     2
Armor: Robe              |     2 |     6 |     4 ||    12
       Skin              |       |       |     6 ||     6
Dodge: Dodged            |    13 |    39 |    31 ||    83
Block: Buckler           |       |     6 |    20 ||    26

Table legend: (Time is in decaauts)
 A = Elapsed time spent in this place.
 B = Non-inter-level travel time spent in this place.
 C = Inter-level travel time spent in this place.
 D = Time resting spent in this place.
 E = Time spent auto-exploring this place.
 F = Levels seen in this place.
 G = Mean time per level.
                   A        B        C        D        E       F      G
               +--------+--------+--------+--------+--------+-----+--------+
         Total |   9123 |   8776 |    347 |   2667 |   5096 |   6 | 1520.5 |
       Dungeon |   9123 |   8776 |    347 |   2667 |   5096 |   6 | 1520.5 |
               +--------+--------+--------+--------+--------+-----+--------+

Top non-repeatable levels by time:
     D:3: 1987 daAuts
     D:4: 1924 daAuts
     D:2: 1899 daAuts
     D:5: 1224 daAuts
     D:1: 1192 daAuts
     D:6: 894 daAuts
